Aethelfleda, neutral female human Barbarian .I.. .^gD .T^X g.. Aethelfleda the Brigand Experience level: 13 Strength: 18/01 Dexterity: 18 Constitution: 16 Intelligence: 7 Wisdom: 10 Charisma: 7 Health: 0(135) Energy: 31(31) Def: 10 Gold: 306 Moves: 17935 Dungeon seed: NW0tVQbcmCdz7iE- Game ID: Aethelfleda_1528353889 Your Inventory: Coins $ - 306 gold pieces Weapons a - an uncursed +0 battle-axe (weapon in hands) F - an uncursed +1 dagger Armor q - an uncursed +0 elven leather helm (being worn) r - an uncursed +0 elven mithril-coat (being worn) y - an uncursed thoroughly rusty +0 pair of iron shoes (being worn) N - an uncursed +0 cloak of invisibility (being worn) Comestibles L - an uncursed lizard corpse S - an uncursed food ration Rings l - an uncursed ring of polymorph control (on right hand) v - an uncursed ring of slow digestion A - an uncursed ring of conflict B - an uncursed thoroughly rusty ring of polymorph G - an uncursed ring of free action (on left hand) Wands c - an uncursed wand of striking (0:8) f - an uncursed wand of cold (0:2) o - an uncursed wand of digging (0:0) p - an uncursed wand of striking (0:5) t - an uncursed wand of undead turning (0:5) C - an uncursed wand of polymorph (0:3) H - an uncursed wand of striking (0:6) I - an uncursed wand of make invisible (0:4) Q - an uncursed wand of teleportation (0:5) U - an uncursed wand of opening (0:5) V - an uncursed wand of striking (0:1) Tools e - an uncursed skeleton key k - an uncursed magic whistle u - an uncursed +0 unicorn horn w - an uncursed bag of holding x - an uncursed towel Gems n - an uncursed luckstone Contents of the bag of holding: 256 gold pieces an uncursed +0 dagger an uncursed +0 two-handed sword an uncursed +0 cloak of invisibility 5 uncursed food rations 5 uncursed fortune cookies 2 uncursed scrolls of blank paper an uncursed scroll of charging 2 uncursed scrolls of create monster 3 uncursed scrolls of destroy armor 2 uncursed scrolls of earth 4 uncursed scrolls of enchant weapon an uncursed scroll of fire a cursed scroll of fire an uncursed scroll of food detection an uncursed scroll of genocide 3 uncursed scrolls of identify a cursed scroll of identify an uncursed scroll of light 2 cursed scrolls of light 2 uncursed scrolls of magic mapping a cursed scroll of stinking cloud a blessed scroll of teleportation 2 uncursed scrolls of teleportation an uncursed potion of blindness an uncursed potion of enlightenment an uncursed potion of extra healing 2 uncursed potions of fruit juice an uncursed potion of gain ability 2 uncursed potions of levitation an uncursed potion of object detection an uncursed potion of oil 2 uncursed potions of paralysis 2 potions of unholy water 9 uncursed potions of water an uncursed ring of conflict an uncursed ring of fire resistance a cursed ring of invisibility an uncursed ring of levitation an uncursed ring of regeneration an uncursed ring of searching an uncursed ring of slow digestion an uncursed ring of sustain ability a cursed wand of create monster (0:12) an uncursed wand of fire (0:0) an uncursed can of grease (0:25) an uncursed mirror a blessed oil lamp (0:628) 7 uncursed tallow candles (0:200) an uncursed +0 unicorn horn Spells and supernatural/magical abilities: Name Level Category Fail Memory S - stone to flesh 3 healing 100% 26% V - teleportitis -- ability ? -- W - pray for help -- divine ? -- Your skills at the end: Fighting Skills bare handed combat [Basic] Weapon Skills axe [Expert] two-handed sword [Basic] Spellcasting Skills Final Attributes: You were piously aligned. You were fire resistant. You were cold resistant. You were poison resistant. You were telepathic. You were invisible. You could teleport. You were protected. You had polymorph control. You were fast. You had free action. You were lucky. You had extra luck. Bad luck did not time out for you. Good luck did not time out for you. You are dead (2nd time!). Vanquished creatures: a stone golem a Nazgul a titanothere a lich a zruty an ice troll a long worm a hill giant a xorn a giant zombie 4 water demons 4 wargs 2 winter wolves 4 small mimics 2 xans 2 trolls 3 gelatinous cubes 2 large dogs a freezing sphere a shocking sphere a tiger 2 gargoyles a dwarf king 2 tengu a leocrotta a stone giant 2 human mummies 2 cobras a leather golem 2 Grey-elves a succubus 2 crocodiles a cockatrice 2 wolves 3 winter wolf cubs a panther a leprechaun an orc-captain an iron piercer 3 giant spiders 5 scorpions 3 vampire bats 3 orc mummies 15 ogres 2 brown puddings 3 rust monsters 3 owlbears 2 yetis a gold golem 4 lizards 3 chieftains a dog a housecat a dwarf lord 5 blue jellies 2 white unicorns 2 black unicorns a dust vortex a raven a gnome mummy 2 snakes 3 water moccasins 6 apes 5 human zombies 2 rope golems 4 soldier ants 4 fire ants 9 bugbears 2 quasits 3 wood nymphs 11 Uruk-hai an orc shaman 6 rock piercers a rock mole 4 ponies a fog cloud a yellow light 4 shriekers a violet fungus 13 gnome lords 4 gnomish wizards a kobold mummy 2 gray oozes a paper golem 8 giant ants 2 little dogs 7 floating eyes 2 kittens 6 dwarves 3 homunculi a kobold lord 25 hill orcs 14 rothes 4 rabid rats 2 centipedes 3 giant bats 5 orc zombies 5 dwarf zombies a wererat 3 iguanas 19 killer bees 4 acid blobs a coyote 2 hobbits 10 manes 3 large kobolds 11 hobgoblins 7 giant rats 13 cave spiders a brown mold 4 yellow molds 3 green molds 3 red molds 23 gnomes 2 garter snakes 8 geckos 6 jackals 2 foxes 3 kobolds 4 goblins 6 sewer rats 11 grid bugs a bat 5 lichens 2 kobold zombies 13 newts 474 creatures vanquished. Voluntary challenges: You had been an atheist until turn 2233. You used a wielded weapon 921 times, starting on turn 28. You read items or engraved 9 times, starting on turn 2452. You never genocided any monsters. You never polymorphed an object. You changed form 1 time, starting on turn 7956. You used no wishes. You split 1 pudding, starting on turn 5815. You never wrote Elbereth's name. You violated your moral code, losing 10 points of alignment, starting on turn 14872. Dungeon overview: The Dungeons of Doom: levels 1 to 26 Level 1 a long staircase Level 2 Level 3 Level 4 (shop with =oConflict and =oLev) a jewelry store stairs to The Gnomish Mines Level 5 a fountain Level 6 some fountains Level 7 a fountain stairs to Sokoban Level 8 Level 9 a temple to Set, a sink Level 10 many fountains Level 11 a fountain Level 12 some fountains, a sink portal to The Quest Level 13 a fountain, a sink Level 14 a fountain Level 15 a fountain Level 16 Level 17 a temple to Set, a fountain Level 18 a temple to Set, a fountain Level 19 a fountain Level 20 Level 21 a fountain Level 22 Level 23 <- You were here Level 24 Level 25 Level 26 The Gnomish Mines: levels 5 to 7 Level 5 stairs to The Dungeons of Doom Level 6 Level 7 many shops, a temple to Set, some fountains The Quest: Level 1 portal to The Dungeons of Doom Sokoban: levels 3 to 6 Level 3 Level 4 Level 5 Level 6 stairs to The Dungeons of Doom History has recorded: On T:1 you entered the Dungeons of Doom to retrieve the Amulet of Yendor! On T:417 you reached level 2 of The Dungeons of Doom. On T:448 you advanced to experience level 2. On T:864 you reached level 3 of The Dungeons of Doom. On T:1124 you advanced to experience level 3. On T:1174 you reached level 4 of The Dungeons of Doom. On T:1252 you advanced to experience level 4. On T:1780 you reached level 1 of The Gnomish Mines. On T:1790 you reached level 2 of The Gnomish Mines. On T:1792 you advanced to experience level 5. On T:2029 you reached level 3 of The Gnomish Mines. On T:2285 you advanced to experience level 6. On T:2844 you advanced to experience level 7. On T:2924 you reached level 5 of The Dungeons of Doom. On T:3045 you reached level 6 of The Dungeons of Doom. On T:3202 you reached level 7 of The Dungeons of Doom. On T:3328 you reached level 4 of Sokoban. On T:3569 you reached level 3 of Sokoban. On T:3988 you reached level 8 of The Dungeons of Doom. On T:4028 you reached level 9 of The Dungeons of Doom. On T:4513 you reached level 2 of Sokoban. On T:4793 you reached level 1 of Sokoban. On T:5090 you advanced to experience level 8. On T:5507 you reached level 10 of The Dungeons of Doom. On T:6730 you reached level 11 of The Dungeons of Doom. On T:6745 you reached level 12 of The Dungeons of Doom. On T:6919 you reached level 13 of The Dungeons of Doom. On T:6979 you reached level 14 of The Dungeons of Doom. On T:7280 you reached level 15 of The Dungeons of Doom. On T:7498 you reached level 16 of The Dungeons of Doom. On T:7605 you reached level 17 of The Dungeons of Doom. On T:7632 you advanced to experience level 9. On T:7913 you reached level 18 of The Dungeons of Doom. On T:8184 you reached level 19 of The Dungeons of Doom. On T:8382 you reached level 20 of The Dungeons of Doom. On T:8570 you reached level 21 of The Dungeons of Doom. On T:8659 you reached level 22 of The Dungeons of Doom. On T:8679 you reached level 23 of The Dungeons of Doom. On T:9656 you reached level 24 of The Dungeons of Doom. On T:10042 you advanced to experience level 10. On T:10400 you reached level 25 of The Dungeons of Doom. On T:10411 you reached level 26 of The Dungeons of Doom. On T:13498 you reached level 1 of The Quest. On T:15545 you advanced to experience level 11. On T:17933 you were saved from death by your amulet of life saving! Score breakdown: Gold: 562 ( 9356 points) Experience: 13 levels (19298 points) Exploration: 26 levels ( 52.00%) (21428 points) Discoveries: 40 items ( 16.26%) (12097 points) Valuables value: (no points given unless you survive) Artifact value: 0 ( 0 points) Variety of kills: 126 monsters ( 33.07%) (17252 points) Turncount: 17935 turns (-3241 points) Survival: died (score multiplied by 80%) Total score: 60952 Latest messages: The owlbear hits! The owlbear misses. You are being crushed. You feel that monsters are aware of your presence. The gremlin hits! The gremlin misses. The gremlin bites! The gremlin hits! Please move the cursor to an unknown object. An owlbear, holding you on a hole in the floor of a room. The gremlin hits! The gremlin misses. The gremlin bites! The gremlin hits! The rock troll hits! (2x) The rock troll just misses! The gremlin hits! (2x) You die... Final status: Goodbye Aethelfleda the Barbarian, killed by a gremlin... You died in The Dungeons of Doom on dungeon level 23 with 60952 points, and 562 pieces of gold, after 17935 moves. You were level 13 with a maximum of 135 hit points when you died.